 Dungeon Crawl Stone Soup version 0.25-a0-834-g55863b0b92 (webtiles) character file.

Game seed: 2874728168559000220, levelgen mode: deterministic

51 unvid the Digger (level 3, -1/24 HPs)
             Began as a Mummy Earth Elementalist on Apr 22, 2020.
             Slain by an orc
             ... wielding a +0 flail
              (2 damage)
             ... on level 2 of the Dungeon.
             The game lasted 00:03:10 (2767 turns).

unvid the Digger (Mummy Earth Elementalist)         Turns: 2767, Time: 00:03:10

Health: -1/24      AC:  2    Str: 11    XL:     3   Next: 57%
Magic:  7/7        EV: 12    Int: 15    God:
Gold:   98         SH:  0    Dex: 12    Spells: 4/7 levels left

rFire    x . .     SeeInvis .   b - +2 hand axe (vorpal)
rCold    + . .     Gourm    .   (no shield)
rNeg     + + +     Faith    .   c - +0 robe
rPois    ∞         Spirit   .   (no helmet)
rElec    .         Reflect  .   (no cloak)
rCorr    .         Harm     .   (no gloves)
MR       .....                  (no boots)
Stlth    ++........             (no amulet)
HPRegen  0.08/turn              (no ring)
MPRegen  0.10/turn              (no ring)

@: no status effects
A: no food or potions, fire vulnerability, cold resistance 1, negative energy
resistance 3, torment resistance, unbreathing
a: no special abilities


You were on level 2 of the Dungeon.
You were not hungry.

You visited 1 branch of the dungeon, and saw 3 of its levels.

You collected 98 gold pieces.

Inventory:

Hand Weapons
 a - a +0 spear
 b - a +2 vorpal hand axe (weapon)
Missiles
 h - 124 stones (quivered)
Armour
 c - a +0 robe (worn)
Scrolls
 d - 2 scrolls of identify {unknown}
 e - a scroll of random uselessness {unknown}
 f - a scroll of blinking {unknown}
 g - a scroll of immolation {unknown}
 i - a scroll of teleportation {unknown}


   Skills:
 - Level 1.5 Dodging
 - Level 1.5 Stealth
 - Level 2.6 Spellcasting
 - Level 0.7 Transmutations
 + Level 3.8 Earth Magic


You had 4 spell levels left.
You knew the following spells:

 Your Spells              Type           Power        Failure   Level  Hunger
a - Sandblast             Erth           ##....       4%          1    N/A
b - Passwall              Tmut/Erth      #.......     12%         2    N/A

Your spell library contained the following spells:

 Spells                   Type           Power        Failure   Level  Hunger
 Stone Arrow              Conj/Erth      #.....       28%         3    N/A
 Petrify                  Tmut/Erth      #.......     63%         4    N/A
 Lee's Rapid Deconstruct  Erth           ##........   75%         5    N/A

Dungeon Overview and Level Annotations

Branches:
Dungeon (3/15)

Altars:

Annotations:
D:3 Sigmund


Innate Abilities, Weirdness & Mutations

You do not eat or drink.
Your flesh is vulnerable to fire.
You are immune to poison.
Your flesh is cold resistant. (rC+)
You are immune to negative energy. (rN+++)
You are immune to unholy pain and torment.
You can survive without breathing.


Message History

A kobold comes into view. It is quivering 4 poisoned darts.
The orc shouts!
You hear a shout!
The hobgoblin hits you with a +0 club. The orc hits you with a +0 flail.
The hobgoblin hits you with a +0 club.
You hear a shout!
There is a stone staircase leading up here.
Unknown command.
The orc misses you. The orc hits you but does no damage.
The hobgoblin barely misses you.
You climb upwards.
There is a stone staircase leading down here.
Unknown command.
Unknown command.
The orc hits you. The orc hits you with a +0 flail.
* * * LOW HITPOINT WARNING * * *
The hobgoblin hits you with a +0 club.
* * * LOW HITPOINT WARNING * * *
The orc misses you. The orc hits you with a +0 flail.
You die...

#..#.###≈≈≈# #.
#..≈..≈≈≈≈#####.
##.≈≈≈≈≈≈........ ######
#≈≈≈############# #....#
##.#............. #....#
#..#.############ #....#
#>..............# #....#
###o#g............. #....#
#.@.#..###......... #....#
#.#.o....+......... #....#
#.#.#..###......... #....#
#.#....# #......... #....#
#.###.## #......... #....#
#.# #.# #.........
#.)..###.###+####.........
#...............#.........
######............##########


You could see 2 orcs.

Vanquished Creatures
  An adder (D:2)
  2 dart slugs (D:1)
  A leopard gecko (D:2)
  7 bats
  3 giant cockroaches
  5 goblins
  4 hobgoblins (D:1)
  5 kobolds
  A quokka (D:2)
  2 frilled lizards
  2 rats
33 creatures vanquished.

Vanquished Creatures (others)
  A hobgoblin (D:3)
1 creature vanquished.

Grand Total: 34 creatures vanquished

Notes
Turn   | Place    | Note
-------+----------+-------------------------------------------
     0 | D:1      | unvid the Mummy Earth Elementalist began the quest for the
                  | Orb.
     0 | D:1      | Reached XP level 1. HP: 13/13 MP: 4/4
   450 | D:1      | Reached XP level 2. HP: 19/19 MP: 5/5
   525 | D:1      | Reached skill level 3 in Earth Magic
   874 | D:1      | Learned a level 2 spell: Passwall
  1397 | D:2      | Reached XP level 3. HP: 23/24 MP: 7/7
  2497 | D:3      | Noticed Sigmund
  2763 | D:2      | HP: 1/24 [hobgoblin/+0 club (4)]
  2767 | D:2      | Slain by an orc

Levels and vault maps discovered:
D:1:      dpeg_arrival_long_road, layout_basic
D:2:      layout_basic, nicolae_overflow_hidden_temple, serial_rivers,
          chequers_serial_rivers_small_b, chequers_serial_rivers_small_a,
          chequers_serial_rivers_room_a, chequers_serial_rivers_large_a,
          chequers_serial_rivers_small_a, kennysheep_generic_room_2
D:3:      minmay_razor_zed, layout_rooms, fiery_altar_vehumet, serial_curves,
          eino_curves_01, eino_curves_03, eino_curves_04, eino_curves_03,
          kennysheep_generic_room_5, uniq_sigmund

Skill      XL: |  1  2 |
---------------+-------+-----
Earth Magic    | 3 |  3.8
Dodging        | |  1.5
Stealth        | |  1.5
Spellcasting   | |  2.6
Transmutations | |  0.7

Action                   || total
-------------------------++-------
Melee: Spear             ||    16
       Hand axe          ||    37
Throw: Stone             ||     1
 Cast: Sandblast         ||    35
 Stab: Sleeping          ||     1
Armor: Robe              ||     5
Dodge: Dodged            ||    50

Table legend:
 A = Non-vault XP
 B = Vault XP
 C = Vault XP percentage of total XP
 D = Non-vault monster count
 E = Vault monster count
 F = Vault count percentage of total count
                 A         B        C        D         E       F
            +---------+---------+-------+---------+---------+-------
      Total |      71 |       2 |   2.7 |      32 |       1 |   3.0
            +---------+---------+-------+---------+---------+-------
        D:1 |      35 |       0 |   0.0 |      18 |       0 |   0.0
        D:2 |      32 |       2 |   5.9 |      12 |       1 |   7.7
        D:3 |       4 |       0 |   0.0 |       2 |       0 |   0.0
            +---------+---------+-------+---------+---------+-------
